 Dungeon Crawl Stone Soup version 0.17-a0-417-gc4a8610 (webtiles) character file.

6763 Pikaro the Bludgeoner (level 11, 0/88 HPs)
             Began as an Ogre Fire Elementalist on Apr 3, 2015.
             Was a Priest of Jiyva.
             Killed by divine providence
             ... invoked by an orc priest
              (16 damage)
             ... on level 10 of the Dungeon.
             The game lasted 00:59:27 (19610 turns).

Pikaro the Bludgeoner (Ogre Fire Elementalist)     Turns: 19610, Time: 00:59:27

Health: 0/88       AC:  3    Str:  9      XL:     11   Next: 4%
Magic:  13/13      EV: 10    Int: 12      God:    Jiyva [***...]
Gold:   405        SH:  0    Dex: 20 (21) Spells: 3 memorised, 7 levels left

rFire  . . .     SeeInvis .     D - +3 giant spiked club
rCold  . . .     Clarity  .     a - +0 robe
rNeg   + . .     SustAb   .     (no shield)
rPois  +         Gourm    .     (helmet restricted)
rElec  .         Spirit   .     (no cloak)
rCorr  +         Warding  .     (gloves unavailable)
rMut   .         Stasis   .     (boots unavailable)
MR     +....                    (no amulet)
Stlth  ++........               F - ring of poison resistance {rPois, !d}
                                B - ring of positive energy (curse) {rN+}

@: somewhat resistant to hostile enchantments, unstealthy
A: unfitting armour, beak, deformed body, deterioration 1, shaggy fur 1, tough
skin 1, wild magic 1, pseudopods 1, jelly absorbing missiles
a: Request Jelly, Jelly Paralyse, Renounce Religion


You were on level 10 of the Dungeon.
You worshipped Jiyva.
Jiyva was most pleased with you.
You were not hungry.

You visited 2 branches of the dungeon, and saw 11 of its levels.
You also visited: Ossuary.

You collected 405 gold pieces.

Inventory:

Hand weapons
 r - a cursed +0 blowgun
   (You took it off a kobold on level 3 of the Dungeon)
 D - a +3 giant spiked club (weapon)
   (You took it off an ogre on level 5 of the Dungeon)
Missiles
 s - 30 poisoned needles
 w - 8 curare-tipped needles
Armour
 a - a +0 robe (worn)
Magical staves
 u - an uncursed staff of power {MP+17, !a}
   (You found it on level 3 of the Dungeon)
Jewellery
 m - a cursed ring of ice {rC+, rF-}
   (You found it on level 2 of the Dungeon)
 B - a cursed ring of positive energy (left hand) {rN+}
   (You found it on level 4 of the Dungeon)
 F - a ring of poison resistance (right hand) {rPois, !d}
   (You found it on level 6 of the Dungeon)
Magical devices
 j - a wand of flame (20)
   (You found it on level 6 of the Dungeon)
 k - a wand of fire (4)
   (You found it on level 10 of the Dungeon)
 n - a wand of digging (10)
   (You found it on level 4 of the Dungeon)
 t - a wand of random effects (29)
   (You took it off Sigmund on level 3 of the Dungeon)
 H - a wand of flame (24)
   (You found it on level 8 of the Dungeon)
 I - a wand of polymorph (15)
   (You found it on level 9 of the Dungeon)
Scrolls
 d - 2 scrolls of teleportation {unknown}
 f - a scroll of amnesia {unknown}
 g - 2 scrolls of immolation {unknown}
 h - 2 scrolls of magic mapping {!r}
 i - 5 scrolls of remove curse
 o - a scroll of fog
 p - 2 scrolls of fear {unknown}
 x - a scroll of random uselessness {unknown}
 y - a scroll of noise {unknown}
 E - a scroll of recharging {unknown}
Potions
 e - a potion of resistance
 l - a potion of ambrosia {!q}
 v - a potion of restore abilities
 z - 2 potions of haste
Books
 b - a book of Flames
Comestibles
 c - a bread ration
 q - 2 chunks of flesh
 A - 4 slices of pizza
 C - 2 meat rations


   Skills:
 + Level 19.3 Maces & Flails
 - Level 1.7 Dodging
 - Level 1.5 Stealth
 - Level 2.4 Spellcasting
 - Level 0.6 Conjurations
 - Level 2.2 Fire Magic


You had 7 spell levels left.
You knew the following spells:

 Your Spells              Type           Power        Failure   Level  Hunger
A - Conjure Flame         Conj/Fire      #.......     58%         3    ####...
B - Inner Flame           Hex/Fire       #.......     71%         3    ####...
C - Flame Tongue          Conj/Fire      #....        26%         1    ##.....


Dungeon Overview and Level Annotations

Branches:
Dungeon (10/15)            Temple (1/1) D:4             Orc (0/4) D:10
   Lair: D:8-11

Altars:
Ashenzari
Cheibriados
Dithmenos
Elyvilon
Fedhas
Gozag
Kikubaaqudgha
Makhleb
Nemelex Xobeh
Okawaru
Qazlal
Ru
Sif Muna
Trog
Vehumet
Xom
Yredelemnul
Zin
The Shining One
Jiyva

Shops:
D:4 *   D:9 [   D:10 [

Annotations:
D:10 Fannar


Innate Abilities, Weirdness & Mutations

You are too large for most types of armour.
You have tough skin (AC +1).
You have a beak for a mouth.
Armour fits poorly on your strangely shaped body.
Your body is slowly deteriorating.
You are covered in fur (AC +1).
Your spells are a little harder to cast, but a little more powerful.
Armour fits poorly on your pseudopods.
You have a small jelly attached to you that may absorb incoming projectiles.


Message History

You swap places.
You swap places.
You swap places.
You hear a series of splatters.
Jiyva's power touches on your attributes.
You hear a series of splatters.
A wyvern comes into view.
The wyvern bites you! The wyvern bites you!!
You take 35 damage, and have 46/81 hp.
MASSIVE DAMAGE!!
You puncture the wyvern! The wyvern closely misses you.
You closely miss the wyvern. The wyvern barely misses you.
You bludgeon the wyvern!! Your peck misses the wyvern.
Your bludgeon misses the wyvern. The wyvern barely misses you.
The wyvern bites you!
You take 16 damage, and have 30/81 hp.
HP below 50%!
You barely miss the wyvern. You peck the wyvern.
Your bludgeon misses the wyvern. The wyvern closely misses you.
You closely miss the wyvern. You peck the wyvern.
You kill the wyvern!
You have reached level 11!
You regained 3 hp, and now have 33/88 hp.
MP restored: 13 You start resting.
Jiyva gurgles merrily.
You hear a splatter.
You are feeling hungry.
You regained 25 hp, and now have 58/88 hp.
You start resting.
Health restored: 88; Total turns waited: 229 You swap places.
You see here 2 stones.
A giant frog comes into view.
The giant frog moves out of view.
No target in view!
The giant frog croaks.
The giant frog is too close now for your liking.
The giant frog hits you.
You puncture the giant frog! You bludgeon the giant frog.
The giant frog hits you.
The giant frog hits you but does no damage.
You take 5 damage, and have 83/88 hp.
You puncture the giant frog!
You kill the giant frog!
No target in view!
No target in view!
You see here a giant frog corpse.
You butcher the giant frog corpse.
q - 3 chunks of flesh Eating one of 3 chunks of flesh.
You continue eating. x2
There is a stone staircase leading up here.
You swap places.
You can no longer turn your foes to slime.
Health restored: 88 You swap places.
You swap places.
Jiyva says: Divide and consume!
You hear a series of splatters.
You hear a distant slurping noise.
Jiyva appreciates your sacrifice.
You feel a little less hungry.
Done exploring.
(D) Dungeon (T) Temple (O) Orcish Mines
Where to? (Enter - D:10, ? - help)
There is a stone staircase leading down here.
You climb downwards.
The troll shouts!
The troll is too close now for your liking.
There is a stone staircase leading up here.
You hit the troll. The troll bites you! The troll claws you.
The troll misses you.
You take 14 damage, and have 74/88 hp.
You sock the troll! The troll bites you! The troll claws you!
The troll completely misses you.
You take 26 damage, and have 48/88 hp.
MASSIVE DAMAGE!!
You closely miss the troll. The troll bites you! The troll claws you!
* * * LOW HITPOINT WARNING * * *
The troll closely misses you.
You take 24 damage, and have 24/88 hp.
MASSIVE DAMAGE!!
HP below 50%!
Fannar the Cold-Hearted comes into view.
He is wielding a quarterstaff of freezing.
Fannar shouts!
Fannar zaps a wand.
The bolt of fire hits you!
* * * LOW HITPOINT WARNING * * *
It is a wand of fire.
You take 15 damage, and have 10/88 hp.
HP below 25%!
You see here 21 stones.
Fannar gestures wildly while chanting.
Fannar blinks!
The orc priest shouts!
You see here 17 stones.
There is a stone staircase leading up, spattered with blood here.
An ogre comes into view. It is wielding a giant club.
The orc priest invokes the aid of Beogh against you.
Something smites you!
You die...

...... ##########... ......
.[............ ....>.... #######.##.##
..........# #.##.# ......∩.... #.##.#
#.........§. #.##.# .T.......... #.##.#
. #...[.......############.##.# ..##
#..#..####.@T..............#####.......
.......###........#..#####.#..###
.##?.### #.....<...........#..# #..#
#........#..#######.##
.##.######........#..# #.#


You could see a troll, an ogre (wandering) and an orc priest.

Vanquished Creatures
  A wyvern (D:9)
  The ghost of Kaesh the Shield-Bearer, an experienced FoFi (D:3)
  The ghost of Restia the Arsonist, an experienced DEFE (D:5)
  2 two-headed ogres
  A trapdoor spider zombie (D:9)
  Sigmund (D:3)
  2 wolves (D:10)
  5 yaks (D:9)
  Grum (D:10)
  A phantom (D:8)
  2 orc warriors
  A black bear (D:10)
  2 ice beasts
  A centaur (D:9)
  9 ogres
  7 giant frogs
  6 big kobolds
  3 wyvern skeletons
  3 scorpions
  5 killer bees (D:10)
  A crimson imp (D:7)
  A quasit (D:7)
  4 orc priests
  A jelly (D:4)
  A giant frog skeleton (D:8)
  2 giant frog zombies
  Ijyb (D:2)
  2 hounds
  A centaur skeleton (D:4)
  8 orc wizards
  3 iguanas
  A killer bee zombie (D:9)
  8 worker ants
  2 big kobold zombies (Ossuary)
  A hound zombie (D:6)
  3 mummies
  A worker ant zombie (D:7)
  10 adders
  5 gnolls
  2 giant mites
  5 worms
  An adder zombie (Ossuary)
  5 oozes
  21 orcs
  11 bats
  A bat skeleton (D:4)
  4 giant cockroaches
  14 hobgoblins
  9 jackals
  6 quokkas
  6 giant geckos
  A giant gecko skeleton (D:5)
  11 giant newts
  A giant spore (D:8)
  9 goblins
  A goblin zombie (Ossuary)
  7 hobgoblin zombies (Ossuary)
  A jackal zombie (Ossuary)
  62 kobolds
  8 kobold zombies (Ossuary)
  5 orc zombies (Ossuary)
  18 rats
  14 ballistomycetes
334 creatures vanquished.

Vanquished Creatures (others)
  Blork the orc (D:5)
  A big kobold (D:9)
  4 giant frogs
  A water moccasin zombie (D:9)
  A killer bee (D:10)
  A crimson imp (D:9)
  An orc priest (D:9)
  2 hounds
  72 jellies
  2 big kobold zombies (Ossuary)
  A hound zombie (D:10)
  A worker ant zombie (D:10)
  A hound skeleton (D:6)
  2 adders (D:9)
  3 gnolls
  9 orcs
  A ball python (D:4)
  5 kobolds
  A quokka (D:5)
  A bat (D:9)
  A giant cockroach (D:4)
  6 giant spores (D:9)
  A goblin (D:5)
  A goblin zombie (Ossuary)
  4 hobgoblin zombies (Ossuary)
  4 orc zombies (Ossuary)
  4 rats
  A rat zombie (Ossuary)
133 creatures vanquished.

Grand Total: 467 creatures vanquished

Notes
Turn   | Place    | Note
--------------------------------------------------------------
     0 | D:1      | Pikaro, the Ogre Fire Elementalist, began the quest for the Orb.
     0 | D:1      | Reached XP level 1. HP: 16/16 MP: 3/3
   155 | D:1      | Reached skill level 1 in Maces & Flails
   325 | D:1      | Reached skill level 2 in Maces & Flails
   325 | D:1      | Reached XP level 2. HP: 24/24 MP: 0/4
  1114 | D:1      | Reached skill level 3 in Maces & Flails
  1225 | D:2      | Reached XP level 3. HP: 31/31 MP: 2/5
  1695 | D:2      | Reached skill level 4 in Maces & Flails
  2653 | D:2      | Reached XP level 4. HP: 39/39 MP: 4/6
  2757 | D:3      | Noticed Ijyb
  2775 | D:2      | Killed Ijyb
  2775 | D:2      | Reached skill level 5 in Maces & Flails
  3006 | D:3      | Noticed Kaesh's ghost (experienced FoFi)
  3019 | D:3      | Noticed Sigmund
  3261 | D:2      | Learned a level 3 spell: Conjure Flame
  3265 | D:2      | Learned a level 3 spell: Inner Flame
  3551 | D:3      | Reached XP level 5. HP: 43/45 MP: 2/7
  3603 | D:3      | Reached skill level 6 in Maces & Flails
  3855 | D:3      | Gained mutation: You are weak. (Str -2) [potion of mutation]
  3855 | D:3      | Gained mutation: Space occasionally distorts in your vicinity. [potion of mutation]
  3855 | D:3      | Gained mutation: Armour fits poorly on your strangely shaped body. [potion of mutation]
  4154 | D:3      | Killed Sigmund
  4154 | D:3      | Reached skill level 8 in Maces & Flails
  4154 | D:3      | Reached XP level 6. HP: 27/53 MP: 1/8
  4511 | D:3      | Killed Kaesh's ghost
  4511 | D:3      | Reached skill level 10 in Maces & Flails
  4511 | D:3      | Reached XP level 7. HP: 40/59 MP: 2/9
  5179 | D:3      | Noticed a big kobold
  5196 | D:3      | Killed a big kobold
  6332 | D:3      | Noticed a big kobold
  6356 | D:3      | HP: 14/59 [big kobold/short sword (7)]
  6362 | D:3      | HP: 13/59 [big kobold/short sword (2)]
  6617 | D:3      | Killed a big kobold
  6617 | D:3      | Reached skill level 11 in Maces & Flails
  6617 | D:3      | Reached XP level 8. HP: 59/67 MP: 10/10
  6780 | D:3      | Noticed a big kobold
  6780 | D:3      | Noticed a big kobold
  6782 | D:3      | Noticed a big kobold
  6793 | D:3      | Killed a big kobold
  6793 | D:3      | HP: 11/67 [kobold/club (6)]
  6794 | D:3      | HP: 4/67 [kobold/club (2)]
  6813 | D:3      | HP: 5/67 [big kobold/short sword (3)]
  6894 | D:3      | HP: 16/67 [kobold (2)]
  6918 | D:3      | HP: 14/67 [gnoll (7)]
  7417 | D:3      | Killed a big kobold
  7737 | D:4      | Reached skill level 12 in Maces & Flails
  8082 | D:4      | Found a staircase to the Ecumenical Temple.
  8089 | Temple   | Entered the Ecumenical Temple
  8392 | D:4      | Found a viscous altar of Jiyva.
  8653 | D:4      | Found an opulent altar of Gozag.
  8657 | D:4      | Found Gozag's Platinum Reserve.
  8803 | D:4      | Found a sparkling altar of Nemelex Xobeh.
  8849 | D:4      | Found a snail-covered altar of Cheibriados.
  8888 | D:4      | Reached skill level 13 in Maces & Flails
  9371 | D:3      | Killed a big kobold
  9538 | D:4      | Became a worshipper of Jiyva Jeckihah the Shapeless
  9714 | D:4      | Reached XP level 9. HP: 74/74 MP: 11/11
  9839 | D:5      | Entered Level 5 of the Dungeon
  9874 | D:5      | Noticed Blork the orc
  9914 | D:5      | Found a sand-covered staircase.
  9920 | Ossuary  | Entered an ossuary
 10305 | D:5      | Reached skill level 14 in Maces & Flails
 10318 | D:5      | Acquired Jiyva's first power
 10400 | D:5      | Noticed Restia's ghost (experienced DEFE)
 10416 | D:5      | Killed Restia's ghost
 10879 | D:5      | Acquired Jiyva's second power
 11266 | D:4      | HP: 16/74 [gnoll/spear (5)]
 11266 | D:4      | HP: 6/74 [orc priest/flail (10)]
 11274 | D:4      | HP: 18/74 [gnoll/spear (6)]
 11518 | D:3      | Gained mutation: You are resistant to electric shocks. [potion of mutation]
 11518 | D:3      | Gained mutation: Your spells are a little harder to cast, but a little more powerful. [potion of mutation]
 11518 | D:3      | Gained mutation: Your body is slowly deteriorating. [potion of mutation]
 12033 | D:5      | Killed Blork the orc
 12084 | D:5      | Got an ichor-stained cloak
 12090 | D:5      | Identified the +1 cloak "Zokul" {rC+ Str+2 Slay-5} (You found it on level 5 of the Dungeon)
 12131 | D:5      | Reached skill level 15 in Maces & Flails
 13006 | D:6      | Found a white marble altar of Elyvilon.
 13076 | D:6      | Gained mutation: You are covered in fur (AC +1). [Jiyva's grace]
 13105 | D:6      | Found a shadowy altar of Dithmenos.
 13146 | D:6      | Found an iron altar of Okawaru.
 13573 | D:7      | Found a bloodstained altar of Trog.
 13823 | D:7      | Reached skill level 16 in Maces & Flails
 13872 | D:7      | Acquired Jiyva's third power
 13888 | D:7      | Gained mutation: Armour fits poorly on your pseudopods. [Jiyva's grace]
 14277 | D:8      | Found a shattered altar of Ashenzari.
 14543 | D:9      | Reached XP level 10. HP: 52/81 MP: 8/12
 14724 | D:9      | Found Ecvu's Antique Armour Shop.
 15001 | D:9      | Reached skill level 17 in Maces & Flails
 15041 | D:9      | Found a basalt altar of Yredelemnul.
 15356 | D:10     | Entered Level 10 of the Dungeon
 15374 | D:10     | Noticed Grum
 15392 | D:10     | Killed Grum
 15638 | D:10     | Noticed a hill giant
 15864 | D:10     | Found Derr's Armour Shoppe.
 15866 | D:10     | Found a staircase to the Orcish Mines.
 16147 | D:8      | Reached skill level 18 in Maces & Flails
 16217 | D:8      | Lost mutation: You are resistant to electric shocks. [Jiyva's grace]
 16832 | D:9      | Acquired Jiyva's fourth power
 16835 | D:9      | Lost mutation: You are weak. (Str -2) [Jiyva's power]
 16918 | D:10     | Gained mutation: You have a beak for a mouth. [Jiyva's grace]
 17313 | D:9      | Found Ecvu's Antique Armour Shop.
 17537 | D:9      | Found a basalt altar of Yredelemnul.
 17830 | D:9      | Lost mutation: Space occasionally distorts in your vicinity. [Jiyva's power]
 17988 | D:10     | Gained mutation: You have a small jelly attached to you that may absorb incoming projectiles. [Jiyva's grace]
 18058 | D:10     | HP: 16/81 [troll (12)]
 18076 | D:10     | HP: 8/81 [troll (12)]
 18127 | D:10     | HP: 16/81 [troll (1)]
 18127 | D:10     | HP: 6/81 [troll (10)]
 18876 | D:9      | Reached skill level 19 in Maces & Flails
 19197 | D:9      | Reached XP level 11. HP: 32/88 MP: 13/13
 19586 | D:10     | Noticed Fannar
 19586 | D:10     | HP: 10/88 [Fannar/wand of fire (15)]
 19610 | D:10     | Killed from afar by an orc priest

Action                   |  1- 3 |  4- 6 |  7- 9 | 10-12 || total
-------------------------+-------+-------+-------+-------++-------
Melee: Club              |    38 |    46 |    59 |       ||   143
       Morningstar       |       |       |    84 |       ||    84
       Giant club        |       |       |   134 |       ||   134
       Giant spiked club |       |       |    65 |   215 ||   280
 Cast: Flame Tongue      |    65 |    83 |   334 |     7 ||   489
       Conjure Flame     |       |     1 |     2 |     6 ||     9
Invok: Cure Bad Mutation |       |       |       |     2 ||     2
  Use: Scroll            |     1 |     5 |     6 |       ||    12
       Potion            |       |     2 |     7 |     3 ||    12
 Stab: Sleeping          |       |       |     1 |       ||     1
  Eat: Chunk             |     5 |     5 |    19 |     7 ||    36
       Bread ration      |       |     1 |     2 |     1 ||     4

Vault maps used:
D:1:      dpeg_arrival_line_fractal, kennysheep_boxes
D:2:      first_bread, minmay_misc_feat_secret_circle, minmay_fountain_box,
          kennysheep_small_spiral, serial_bayou_pond_b
D:3:      minmay_goblin_kobold_castle, uniq_iyjb, uniq_sigmund
D:4:      nicolae_gozag_zags_fifth_avenue, amethyst_overflow_temple_binary,
          minmay_temple_entry_water_ring, hangedman_decor_opposing,
          jiyva_altar_1
D:5:      nicolae_ossuary_entry_plus, uniq_blork_the_orc
D:6:      okawaru_gym_becter, old_standard_altar, kennysheep_little_box
D:7:      old_standard_altar
D:8:      old_standard_altar
D:9:      lemuel_crystal_altar, serial_shops, shop
D:10:     orc_david_3, uniq_fannar, uniq_grum
Temple:   roderic_octagonal_lattice_temple
Ossuary:  ossuary_tomb_1

Table legend:
 A = Turns spent in this place as a percentage of turns spent in the entire game.
 B = Non-inter-level travel turns spent in this place as a percentage of non-inter-level travel turns spent in the entire game.
 C = Inter-level travel turns spent in this place as a percentage of turns spent in this place.
 D = Turns resting spent in this place as a percentage of non-inter-level travel turns spent in this place.
 E = Turns spent auto-exploring this place as a percentage of non-inter-level travel turns spent in this place.
 F = Non-inter-level travel turns spent in this place divided by the number of levels of this place that you've seen.
                   A       B       C       D       E      F
               +-------+-------+-------+-------+-------+----------------------
         Total | 100.0 | 100.0 |   0.6 |   6.6 |   4.2 | 472.0
       Dungeon |  96.0 |  96.0 |   0.6 |   6.5 |   4.2 | 543.6
        Temple |   0.5 |   0.4 |   3.8 |  12.0 |  44.0 |  25.0
       Ossuary |   3.6 |   3.6 |   0.0 |   6.4 |   1.0 | 203.0
               +-------+-------+-------+-------+-------+----------------------

Table legend:
 A = Kills in this place as a percentage of kills in entire the game.
 B = Kills by you in this place as a percentage of kills by you in the entire game.
 C = Kills by friends in this place as a percentage of kills by friends in the entire game.
 D = Other kills in this place as a percentage of other kills in the entire game.
 E = Experience gained in this place as a percentage of experience gained in the entire game.
 F = Experience gained in this place divided by the number of levels of this place that you have seen.
                   A       B       C       D       E      F
               +-------+-------+-------+-------+-------+----------------------
         Total | 100.0 | 100.0 |  -nan |  -nan | 100.0 | 805.2
       Dungeon |  91.8 |  91.8 |  -nan |  -nan |  99.0 | 957.0
       Ossuary |   8.2 |   8.2 |  -nan |  -nan |   1.0 |  92.0
               +-------+-------+-------+-------+-------+----------------------
